% Time on Ice - VICTORIA GLADIATORS
Lines # - Real PCT - Wanted PCT - Time Play
Normal Forward
1 - 36% - 36% - 16:55
2 - 32% - 33% - 15:15
3 - 22% - 24% - 10:34
4 - 10% - 7% - 4:43
Normal Defense
1 - 40% - 40% - 18:53
2 - 35% - 35% - 16:49
3 - 25% - 25% - 11:45
4 - 0% - 0% - 0:00
PP Forward
1 - 45% - 55% - 1:46
2 - 55% - 45% - 2:12
PP Defense
1 - 45% - 55% - 1:46
2 - 55% - 45% - 2:12
PK Forward
1 - 54% - 55% - 4:18
2 - 46% - 45% - 3:38
PK Defense
1 - 58% - 55% - 4:37
2 - 42% - 45% - 3:19
PK3 Forward
1 - 0% - 55%
2 - 0% - 45%
PK3 Defense
1 - 0% - 55%
2 - 0% - 45%
44 Forward
1 - 0% - 52%
2 - 0% - 48%
44 Defense
1 - 0% - 52%
2 - 0% - 48%
Last Minute Offensive  - 0:39
Last Minute Defensive  - 0:00
Total
Forward - 60:00
Defense - 60:00
% Time on Ice - NORTH DAKOTA HAWKS
Lines # - Real PCT - Wanted PCT - Time Play
Normal Forward
1 - 34% - 32% - 15:59
2 - 29% - 28% - 13:29
3 - 27% - 27% - 12:58
4 - 10% - 13% - 4:49
Normal Defense
1 - 36% - 37% - 16:48
2 - 35% - 35% - 16:44
3 - 20% - 18% - 9:28
4 - 9% - 10% - 4:15
PP Forward
1 - 57% - 60% - 4:33
2 - 43% - 40% - 3:23
PP Defense
1 - 58% - 60% - 4:35
2 - 42% - 40% - 3:21
PK Forward
1 - 100% - 70% - 3:58
2 - 0% - 30% - 0:00
PK Defense
1 - 63% - 70% - 2:29
2 - 37% - 30% - 1:29
PK3 Forward
1 - 0% - 70%
2 - 0% - 30%
PK3 Defense
1 - 0% - 70%
2 - 0% - 30%
44 Forward
1 - 0% - 55%
2 - 0% - 45%
44 Defense
1 - 0% - 55%
2 - 0% - 45%
Last Minute Offensive  - 0:00
Last Minute Defensive  - 0:51
Total
Forward - 60:00
Defense - 60:00
Play-by-Play 1st period 0:01 of 1st period - Nazem Kadri wins face-off versus Vincent Trocheck in neutral zone. 0:08 of 1st period - Shot by Vincent Trocheck. 0:08 of 1st period - Shot Misses the Net. 0:36 of 1st period - Patrick Kane is hit by Vincent Trocheck and loses puck. 1:44 of 1st period - Icing by Kasperi Kapanen. 1:45 of 1st period - Adam Lowry wins face-off versus Jack Hughes in VICTORIA GLADIATORS zone. 1:54 of 1st period - Shot by Adam Lowry. 1:54 of 1st period - Shot Blocked by Nick Holden. 2:17 of 1st period - Shot by Alex Newhook. 2:17 of 1st period - Shot Misses the Net. 2:19 of 1st period - Shot by Calvin De Haan. 2:19 of 1st period - Shot Misses the Net. 2:21 of 1st period - Shot by Alex Newhook. 2:21 of 1st period - Shot Misses the Net. 2:25 of 1st period - Shot by Johan Larsson. 2:25 of 1st period - Goal by Johan Larsson - VICTORIA GLADIATORS : 1 - NORTH DAKOTA HAWKS : 0. 2:26 of 1st period - Kevin Rooney wins face-off versus Nic Dowd in neutral zone. 2:42 of 1st period - Shot by Frank Vatrano. 2:42 of 1st period - Shot Misses the Net. 2:44 of 1st period - Shot by Frank Vatrano. 2:44 of 1st period - Stopped by Mike Smith without a rebound. 2:45 of 1st period - Nazem Kadri wins face-off versus Johan Larsson in VICTORIA GLADIATORS zone. 3:10 of 1st period - Icing by Nazem Kadri. 3:11 of 1st period - Adam Lowry wins face-off versus Nazem Kadri in NORTH DAKOTA HAWKS zone. 3:17 of 1st period - Off-side. 3:18 of 1st period - Vincent Trocheck wins face-off versus Jack Hughes in neutral zone. 3:25 of 1st period - Shot by Jack Hughes. 3:25 of 1st period - Stopped by Mike Smith with a rebound. 3:48 of 1st period - Shot by Reyley Smith. 3:48 of 1st period - Shot Misses the Net. 3:50 of 1st period - Shot by Jack Hughes. 3:50 of 1st period - Goal by Jack Hughes - VICTORIA GLADIATORS : 1 - NORTH DAKOTA HAWKS : 1. 3:51 of 1st period - Adam Lowry wins face-off versus Nick Suzuki in neutral zone. 4:27 of 1st period - Shot by Alex Killorn. 4:27 of 1st period - Stopped by Mike Smith with a rebound. 5:25 of 1st period - Off-side. 5:26 of 1st period - Nazem Kadri wins face-off versus Vincent Trocheck in neutral zone. 6:00 of 1st period - Justin Holl is hit by Nazem Kadri. 6:42 of 1st period - Shot by Reyley Smith. 6:42 of 1st period - Stopped by Mike Smith without a rebound. 6:43 of 1st period - Nick Suzuki wins face-off versus Nick Cousins in VICTORIA GLADIATORS zone. 6:50 of 1st period - Shot by Nick Suzuki. 6:50 of 1st period - Shot Misses the Net. 6:58 of 1st period - Shot by Nick Suzuki. 6:58 of 1st period - Stopped by Mike Smith without a rebound. 6:59 of 1st period - Jack Hughes wins face-off versus Adam Lowry in VICTORIA GLADIATORS zone. 7:19 of 1st period - Shot by Jake DeBrusk. 7:19 of 1st period - Stopped by Mike Smith without a rebound. 7:20 of 1st period - Johan Larsson wins face-off versus Jordan Kyrou in VICTORIA GLADIATORS zone. 7:20 of 1st period - Johan Larsson is hit by Jordan Kyrou. 7:42 of 1st period - Alex Killorn is hit by Nils Hoglander and loses puck. 8:19 of 1st period - Icing by Colton Parayko. 8:20 of 1st period - Vincent Trocheck wins face-off versus Jack Hughes in VICTORIA GLADIATORS zone. 8:26 of 1st period - Off-side. 8:27 of 1st period - Adam Lowry wins face-off versus Jack Hughes in neutral zone. 8:30 of 1st period - Jake DeBrusk is hit by Adam Lowry and loses puck. 8:36 of 1st period - Ryan Lindgren is hit by Calvin De Haan and loses puck. 8:51 of 1st period - Shot by Jack Hughes. 8:51 of 1st period - Shot Misses the Net. 8:52 of 1st period - Minor Penalty to Patrik Nemeth for Hooking. 8:53 of 1st period - Adam Lowry wins face-off versus Nazem Kadri in VICTORIA GLADIATORS zone. 9:07 of 1st period - Shot by Patrick Kane. 9:07 of 1st period - Stopped by Mike Smith without a rebound. 9:08 of 1st period - Kevin Rooney wins face-off versus Nick Suzuki in VICTORIA GLADIATORS zone. 9:57 of 1st period - Icing by Nick Suzuki. 9:58 of 1st period - Adam Lowry wins face-off versus Jordan Kyrou in NORTH DAKOTA HAWKS zone. 11:24 of 1st period - Shot by Frank Vatrano. 11:24 of 1st period - Stopped by Mike Smith with a rebound. 11:35 of 1st period - Minor Penalty to Josh Manson for Interference. 11:36 of 1st period - Barclay Goodrow wins face-off versus Nic Dowd in NORTH DAKOTA HAWKS zone. 13:42 of 1st period - Patrick Kane is hit by Anton Stralman and loses puck. 13:50 of 1st period - Icing by Justin Holl. 13:51 of 1st period - Nick Suzuki wins face-off versus Kevin Rooney in VICTORIA GLADIATORS zone. 13:51 of 1st period - Jordan Kyrou is hit by Justin Holl and loses puck. 14:08 of 1st period - Icing by Nick Holden. 14:09 of 1st period - Nick Suzuki wins face-off versus Johan Larsson in NORTH DAKOTA HAWKS zone. 14:22 of 1st period - Shot by Jordan Kyrou. 14:22 of 1st period - Stopped by Mike Smith with a rebound. 14:24 of 1st period - Shot by Nick Suzuki. 14:24 of 1st period - Shot Misses the Net. 14:26 of 1st period - Shot by Alex Killorn. 14:26 of 1st period - Stopped by Mike Smith without a rebound. 14:27 of 1st period - Nazem Kadri wins face-off versus Juuso Parssinen in VICTORIA GLADIATORS zone. 14:48 of 1st period - Shot by Patrick Kane. 14:48 of 1st period - Shot Blocked by Justin Holl. 14:50 of 1st period - Shot by Mathew Dumba. 14:50 of 1st period - Shot Blocked by Anton Stralman. 14:52 of 1st period - Shot by Ryan Lindgren. 14:52 of 1st period - Stopped by Mike Smith without a rebound. 14:53 of 1st period - Johan Larsson wins face-off versus Jack Hughes in VICTORIA GLADIATORS zone. 15:03 of 1st period - Reyley Smith is hit by Colton Parayko. 15:13 of 1st period - Shot by Jake DeBrusk. 15:13 of 1st period - Stopped by Mike Smith with a rebound. 15:17 of 1st period - Shot by Reyley Smith. 15:17 of 1st period - Shot Misses the Net. 15:19 of 1st period - Shot by Reyley Smith. 15:19 of 1st period - Shot Misses the Net. 16:01 of 1st period - Shot by Nazem Kadri. 16:01 of 1st period - Shot Blocked by Colton Parayko. 16:03 of 1st period - Shot by Jason Robertson. 16:03 of 1st period - Shot Misses the Net. 16:05 of 1st period - Shot by Ryan Lindgren. 16:05 of 1st period - Deflect By Nazem Kadri. 16:05 of 1st period - Shot Misses the Net. 16:21 of 1st period - Jason Robertson is hit by Nils Hoglander. 16:22 of 1st period - Icing by Jason Robertson. 16:23 of 1st period - Nazem Kadri wins face-off versus Vincent Trocheck in NORTH DAKOTA HAWKS zone. 17:10 of 1st period - Shot by Jordan Kyrou. 17:10 of 1st period - Stopped by Mike Smith without a rebound. 17:11 of 1st period - Adam Lowry wins face-off versus Jack Hughes in VICTORIA GLADIATORS zone. 17:33 of 1st period - Minor Penalty to Justin Holl for Delaying the game. 17:34 of 1st period - Nick Suzuki wins face-off versus Adam Lowry in VICTORIA GLADIATORS zone. 17:43 of 1st period - Shot by Jordan Kyrou. 17:43 of 1st period - Shot Misses the Net. 17:45 of 1st period - Shot by Alex Killorn. 17:45 of 1st period - Stopped by Mike Smith without a rebound. 17:46 of 1st period - Nazem Kadri wins face-off versus Kevin Rooney in VICTORIA GLADIATORS zone. 17:55 of 1st period - Shot by Nazem Kadri. 17:55 of 1st period - Stopped by Mike Smith without a rebound. 17:56 of 1st period - Adam Lowry wins face-off versus Nazem Kadri in VICTORIA GLADIATORS zone. 17:56 of 1st period - Adam Lowry is hit by Patrick Kane. 19:08 of 1st period - Off-side. 19:09 of 1st period - Nick Suzuki wins face-off versus Adam Lowry in neutral zone. 19:16 of 1st period - Shot by Alex Killorn. 19:16 of 1st period - Stopped by Mike Smith with a rebound. 19:42 of 1st period - Vincent Trocheck is hit by Nic Dowd and loses puck. 19:59 of 1st period - Shot by Nic Dowd. 19:59 of 1st period - Shot Misses the Net. Goals for this period are 1 for VICTORIA GLADIATORS vs 1 for NORTH DAKOTA HAWKS. Shots for this period are 1 for VICTORIA GLADIATORS vs 17 for NORTH DAKOTA HAWKS. 2nd period 0:01 of 2nd period - Nazem Kadri wins face-off versus Adam Lowry in neutral zone. 0:12 of 2nd period - Off-side. 0:13 of 2nd period - Vincent Trocheck wins face-off versus Jack Hughes in neutral zone. 2:18 of 2nd period - Icing by Colton Parayko. 2:19 of 2nd period - Nick Suzuki wins face-off versus Adam Lowry in VICTORIA GLADIATORS zone. 2:29 of 2nd period - Juuso Parssinen is hit by Josh Manson and loses puck. 2:42 of 2nd period - Nick Holden is hit by Johan Larsson and loses puck. 2:59 of 2nd period - Patrik Nemeth is hit by Nick Suzuki and loses puck. 3:12 of 2nd period - Shot by Johan Larsson. 3:12 of 2nd period - Deflect By Alex Newhook. 3:12 of 2nd period - Shot Blocked by Nick Holden. 3:15 of 2nd period - Icing by Nick Suzuki. 3:16 of 2nd period - Vincent Trocheck wins face-off versus Nick Suzuki in NORTH DAKOTA HAWKS zone. 3:19 of 2nd period - Shot by Phil Kessel. 3:19 of 2nd period - Stopped by Carter Hart without a rebound. 3:20 of 2nd period - Vincent Trocheck wins face-off versus Patrick Kane in NORTH DAKOTA HAWKS zone. 5:20 of 2nd period